 Dungeon Crawl Stone Soup version 0.25.1-2-g60ff931df9 (webtiles) character file.

Game seed: 12335814035255584971

61946 BledDest the Geomancer (level 14, -2/84 HPs)
             Began as a Deep Elf Earth Elementalist on July 29, 2020.
             Was a High Priest of Sif Muna.
             Shot with a bolt by a yaktaur (32 damage)
             ... on level 14 of the Dungeon.
             The game lasted 01:29:53 (31352 turns).

BledDest the Geomancer (DEEE)                      Turns: 31352, Time: 01:29:54

Health: -2/84      AC: 15    Str:  8    XL:     14   Next: 62%
Magic:  31/33      EV: 17    Int: 23    God:    Sif Muna [*****.]
Gold:   1198       SH: 13    Dex: 15    Spells: 18/39 levels left

rFire    + . .     SeeInvis .   V - staff of earth
rCold    + + .     Gourm    .   P - +0 kite shield
rNeg     . . .     Faith    .   y - +3 leather armour {rPois}
rPois    +         Spirit   .   L - +0 helmet
rElec    +         Reflect  +   t - scarf {rC+ rF+}
rCorr    .         Harm     .   p - +0 pair of gloves
MR       ++...                  F - +0 pair of boots
Stlth    +++.......             w - amulet of reflection
HPRegen  0.24/turn              O - ring of Cecoocru {rElec rC+ MR+}
MPRegen  0.23/turn              n - +4 ring of protection

@: no status effects
A: no striking features
a: Channel Magic, Forget Spell, Divine Exegesis, Renounce Religion


You were on level 14 of the Dungeon.
You worshipped Sif Muna.
Sif Muna was extremely pleased with you.
You were not hungry.

You visited 4 branches of the dungeon, and saw 22 of its levels.
You also visited: Ice Cave.

You collected 1198 gold pieces.

Inventory:

Missiles
 b - 352 stones (quivered)
Armour
 p - a +0 pair of gloves (worn)
 t - a scarf of resistance (worn)
 y - a +3 leather armour of poison resistance (worn)
 F - a +0 pair of boots (worn)
 L - a +0 helmet (worn)
 P - a +0 kite shield (worn)
Magical Staves
 V - an uncursed staff of earth (weapon)
Jewellery
 j - an uncursed amulet of magic regeneration
 n - a +4 ring of protection (right hand)
 w - an amulet of reflection (around neck)
 O - the ring of Cecoocru (left hand) {rElec rC+ MR+}
   (You found it on level 6 of the Lair of Beasts)

   [ring of protection from cold]

   It protects you from cold.
   It insulates you from electricity.
   It affects your resistance to hostile enchantments.
Wands
 f - a wand of iceblast (7)
 s - a wand of polymorph (10)
 I - a wand of digging (16)
 R - a wand of disintegration (12)
 X - a wand of paralysis (25)
Scrolls
 a - 3 scrolls of magic mapping
 c - 3 scrolls of identify
 e - 3 scrolls of holy word
 i - 3 scrolls of fog
 u - 2 scrolls of vulnerability {unknown}
 B - 5 scrolls of immolation
 C - 3 scrolls of noise {unknown}
 D - 2 scrolls of remove curse
 E - a scroll of enchant weapon
 G - a scroll of brand weapon {unknown}
 J - 3 scrolls of amnesia {unknown}
 M - 10 scrolls of teleportation
 T - a scroll of silence {unknown}
 U - 2 scrolls of random uselessness {unknown}
 W - 2 scrolls of summoning
Potions
 g - a potion of heal wounds
 h - 7 potions of magic
 l - 3 potions of cancellation
 m - 5 potions of brilliance
 q - 3 potions of stabbing
 r - 4 potions of resistance
 v - a potion of ambrosia
 x - a potion of haste
 z - 7 potions of curing
 A - 4 potions of flight
 K - 3 potions of might
 Y - 2 potions of berserk rage
Miscellaneous
 k - a box of beasts
Comestibles
 d - 36 rations


   Skills:
 + Level 8.4 Fighting
 + Level 8.4 Armour
 + Level 12.1 Dodging
 - Level 6.6 Stealth
 + Level 3.6 Shields
 + Level 13.2 Spellcasting
 + Level 9.0 Conjurations
 - Level 1.1 Transmutations
 * Level 14.6 Earth Magic


You had 18 spell levels left.
You knew the following spells:

 Your Spells              Type           Power        Failure   Level  Hunger
a - Sandblast             Erth           ######       1%          1    None
b - Stone Arrow           Conj/Erth      ######       1%          3    None
c - Lee's Rapid Deconstr  Erth           #######...   1%          5    ###....
d - Passwall              Tmut/Erth      ######..     1%          2    None
e - Petrify               Tmut/Erth      ######..     10%         4    None
f - Iron Shot             Conj/Erth      #######...   28%         6    #####..

Your spell library contained the following spells:

 Spells                   Type           Power        Failure   Level  Hunger
 Magic Dart               Conj           ####         1%          1    None
 Searing Ray              Conj           ######       1%          2    None
 Foxfire                  Conj/Fire      ####         3%          1    None
 Shock                    Conj/Air       ####         3%          1    None
 Conjure Flame            Conj/Fire      #####...     12%         3    None
 Dazzling Flash           Conj/Hex       #####.       12%         3    None
 Leda's Liquefaction      Hex/Erth       ######....   12%         4    None
 Mephitic Cloud           Conj/Pois/Air  ####....     22%         3    None
 Apportation              Tloc           ###...       24%         1    None
 Freeze                   Ice            ###.         24%         1    None
 Summon Butterflies       Summ           ###.....     24%         1    None
 Bolt of Magma            Conj/Fire/Erth ######....   26%         5    ###....
 Borgnjor's Vile Clutch   Necr/Erth      ######....   32%         5    ###....
 Fulminant Prism          Conj/Hex       #####.....   36%         4    None
 Hailstorm                Conj/Ice       #####...     36%         4    None
 Iskenderun's Mystic Bla  Conj/Tloc      #####...     36%         4    None
 Sticky Flame             Conj/Fire      #####...     36%         4    None
 Spider Form              Tmut/Pois      ###.......   50%         3    None
 Ignite Poison            Fire/Tmut/Pois ###.....     52%         3    None
 Confusing Touch          Hex            ###.....     58%         3    None
 Frozen Ramparts          Ice            ###...       58%         3    None
 Gell's Gravitas          Tloc           ###.......   58%         3    None
 Inner Flame              Hex/Fire       ###.....     58%         3    None
 Lesser Beckoning         Tloc           ###.......   58%         3    None
 Ozocubu's Armour         Chrm/Ice       ###.....     58%         3    None
 Teleport Other           Tloc           ###.....     58%         3    None
 Tukima's Dance           Hex            ###.....     58%         3    None
 Irradiate                Conj/Tmut      #####.....   63%         5    ###....
 Fireball                 Conj/Fire      #####.....   71%         5    ###....
 Iskenderun's Battlesphe  Conj/Chrm      #####...     71%         5    ###....
 Lightning Bolt           Conj/Air       #####.....   71%         5    ###....
 Statue Form              Tmut/Erth      ######...    83%         6    #####..
 Ice Form                 Ice/Tmut       ###.....     88%         4    None
 Summon Ice Beast         Ice/Summ       ###.....     94%         4    None
 Alistair's Intoxication  Tmut/Pois      ###.....     99%         5    ###....
 Yara's Violent Unravell  Hex/Tmut       ###.......   99%         5    ###....
 Conjure Ball Lightning   Conj/Air       #####.....   99%         6    #####..
 Orb of Destruction       Conj           ######....   99%         7    ######.
 Agony                    Necr           ###.....     100%        5    ###....
 Metabolic Englaciation   Hex/Ice        ###.......   100%        5    ###....
 Freezing Cloud           Conj/Ice/Air   ####......   100%        6    #####..
 Invisibility             Hex            ###.....     100%        6    #####..
 Ozocubu's Refrigeration  Ice            ###.......   100%        6    #####..
 Simulacrum               Ice/Necr       ###.......   100%        6    #####..
 Dragon Form              Tmut           ###.......   100%        7    ######.
 Haunt                    Necr/Summ      ###.......   100%        7    ######.
 Spellforged Servitor     Conj/Summ      #####.....   100%        7    ######.
 Death's Door             Chrm/Necr      ###.......   100%        8    #######
 Infestation              Necr           ###.......   100%        8    #######
 Lehudib's Crystal Spear  Conj/Erth      #######...   100%        8    #######
 Shatter                  Erth           #######...   100%        9    #######


Dungeon Overview and Level Annotations

Branches:
Dungeon (14/15)            Temple (1/1) D:6            Lair (6/6) D:11
 Shoals (0/4) Lair:3        Snake (0/4) Lair:3        Slime (0/5) Lair:5
    Orc (1/2) D:12          IceCv (visited)
 Vaults: D:13-14

Altars:
Ashenzari
Cheibriados
Dithmenos
Elyvilon
Fedhas
Gozag
Hepliaklqana
Kikubaaqudgha
Makhleb
Nemelex Xobeh
Okawaru
Qazlal
Ru
Sif Muna
Trog
Uskayaw
Vehumet
Wu Jian
Xom
Yredelemnul
Zin
The Shining One
Jiyva

Shops:
D:9 :

Annotations:
Lair:3 3 runed translucent doors, Acheron's ghost, journeyman TrHu
Orc:1 Jorgrun


Message History

A kobold is wielding a +1 short sword of speed.
The yaktaur shoots a bolt.
The bolt hits you!
The yaktaur shoots a bolt.
The bolt hits you!!
The yaktaur shoots a bolt.
You reflect the bolt off an invisible shield around you!
The bolt hits the yaktaur!!
You hear a shout!
You see here a bolt.
Unknown command.
The yaktaur shoots a bolt.
You reflect the bolt off an invisible shield around you!
The bolt hits the yaktaur!
You see here a bolt.
The yaktaur shoots a bolt.
You reflect the bolt off an invisible shield around you!
The bolt hits the yaktaur!!
You kill the yaktaur!
Sif Muna accepts your kill.
Your Conjurations skill increases to level 9!
The yaktaur shoots a bolt.
The bolt hits you!!
You die...

#### .....
...#### .....
#....#####...(.
#....##....ccK.
#....##....≈≈..
#....##...§§§.#
#.>.$.....§§§..
#...@(.(.§§§...
#....##...#####
#........##
##.#.....#
#.#.......
#.#######. #.#
+# #.# .#


You could see a yaktaur.

Vanquished Creatures
  A frost giant (IceCv)
  A dire elephant (Lair:6)
  The ghost of KleinerIrrer the Fighter, a journeyman OgHu of Wu Jian (D:8)
  An ogre mage (D:13)
  Harold (D:7)
  Erolcha (D:10)
  2 hydras
  2 centaur warriors
  A catoblepas (Lair:6)
  A deep troll shaman (Lair:6)
  8 death yaks
  9 two-headed ogres
  A deep elf knight (D:14)
  Sonja (Lair:3)
  2 unseen horrors
  A skeletal warrior (D:7)
  Pikel (D:5)
  A lindwurm (Lair:2)
  A deep elf mage (D:14)
  A manticore (D:13)
  3 elephants (Lair:6)
  An ice statue (IceCv)
  2 torpor snails
  2 black mambas
  7 spiny frogs
  Maggie (D:8)
  A kobold demonologist (D:14)
  2 komodo dragons
  3 rime drakes
  2 yaktaurs (D:14)
  11 polar bears
  3 meliai (Lair:6)
  3 trolls
  2 queen bees
  A snapping turtle (Lair:3)
  9 blink frogs
  A hornet (D:12)
  7 slime creatures (D:13)
  9 hippogriffs
  12 dream sheep
  2 shadows
  2 wyverns (Lair:4)
  30 yaks
  2 vampires (D:11)
  Eustachio (D:5)
  4 hungry ghosts
  A golden eye (shapeshifter) (D:11)
  A basilisk (Lair:2)
  A steam dragon (Lair:4)
  Edmund (D:4)
  2 acid dragons
  13 water moccasins
  9 porcupines
  A black bear (shapeshifter) (D:11)
  4 black bears
  11 ice beasts
  10 orc warriors
  2 phantoms
  A sky beast (D:11)
  A slave (D:5)
  A necrophage (D:8)
  22 wolves
  2 ogres (D:13)
  8 centaurs
  12 crocodiles
  5 big kobolds
  11 bullfrogs
  A gnoll sergeant (D:11)
  A wyvern skeleton (D:6)
  2 scorpions
  2 troll zombies (D:12)
  32 killer bees
  3 howler monkeys (D:11)
  8 wights
  An electric eel (Lair:2)
  3 crimson imps
  A centaur zombie (D:10)
  2 quasits
  A bullfrog zombie (D:9)
  A bullfrog skeleton (D:5)
  A hound (D:10)
  5 jellies
  3 centaur skeletons
  7 orc priests
  8 orc wizards
  Terence (D:2)
  Jessica (D:2)
  3 iguanas
  7 worker ants
  A killer bee zombie (D:8)
  6 ogre zombies (D:12)
  A worker ant zombie (D:11)
  10 gnolls
  2 howler monkey skeletons
  5 adders
  2 shadow imps
  An ooze (D:2)
  2 worms
  3 dart slugs
  7 leopard geckos
  36 orcs
  13 bats
  4 giant cockroaches
  6 goblins
  A hobgoblin (D:2)
  3 jackals (D:10)
  14 kobolds
  6 quokkas
  3 frilled lizards
  A goblin skeleton (D:12)
  7 goblin zombies (D:12)
  2 hobgoblin skeletons (D:12)
  2 hobgoblin zombies (D:12)
  A jackal skeleton (D:6)
  A leopard gecko zombie (D:9)
  2 orc skeletons (D:12)
  11 orc zombies (D:12)
  A quokka skeleton (D:7)
  6 rats
534 creatures vanquished.

Vanquished Creatures (others)
  2 polar bears (IceCv)
  A yak (IceCv)
  A phantom (D:5)
  A wolf (IceCv)
  Blork the orc (D:5)
  A bullfrog (Lair:5)
  A crimson imp (D:5)
  6 fungi
  3 plants
17 creatures vanquished.

Grand Total: 551 creatures vanquished

Notes
Turn   | Place    | Note
-------+----------+-------------------------------------------
     0 | D:1      | BledDest the Deep Elf Earth Elementalist began the quest
                  | for the Orb.
     0 | D:1      | Reached XP level 1. HP: 10/10 MP: 6/6
   245 | D:1      | Reached XP level 2. HP: 8/15 MP: 8/8
   251 | D:1      | Reached skill level 4 in Earth Magic
   973 | D:2      | Found a burning altar of Makhleb.
  1130 | D:2      | Reached XP level 3. HP: 19/19 MP: 9/9
  1163 | D:2      | Found a blossoming altar of Fedhas.
  1482 | D:2      | Noticed Terence
  1524 | D:2      | Noticed Jessica
  1698 | D:1      | Learned a level 3 spell: Stone Arrow
  2296 | D:2      | Reached skill level 5 in Earth Magic
  2384 | D:2      | Killed Jessica
  2384 | D:2      | Reached XP level 4. HP: 24/24 MP: 8/10
  2536 | D:2      | HP: 1/24 [Terence/+0 short sword (6)]
  2544 | D:2      | Killed Terence
  2840 | D:3      | Found an iron altar of Okawaru.
  3193 | D:3      | Found a sparkling altar of Nemelex Xobeh.
  3249 | D:3      | Reached skill level 6 in Earth Magic
  3249 | D:3      | Reached XP level 5. HP: 23/28 MP: 7/11
  3971 | D:4      | Noticed Edmund
  4356 | D:4      | Killed Edmund
  4356 | D:4      | Reached skill level 7 in Earth Magic
  4356 | D:4      | Reached XP level 6. HP: 16/32 MP: 0/12
  5369 | D:4      | Reached skill level 8 in Earth Magic
  5761 | D:4      | Got a pair of ichor-stained gloves
  5767 | D:4      | Identified the cursed -5 pair of gloves of the Pit {SInv}
                  | (You found it on level 4 of the Dungeon)
  6076 | D:5      | Entered Level 5 of the Dungeon
  6163 | D:5      | Reached XP level 7. HP: 22/37 MP: 8/14
  6322 | D:5      | Reached skill level 1 in Fighting
  6322 | D:5      | Reached skill level 1 in Armour
  6811 | D:5      | Noticed Pikel
  6855 | D:5      | Killed Pikel
  6855 | D:5      | Reached XP level 8. HP: 10/44 MP: 0/17
  7207 | D:5      | Reached skill level 5 in Spellcasting
  7286 | D:5      | Killed Blork the orc
  7454 | D:5      | Noticed Eustachio
  7461 | D:5      | Killed Eustachio
  7461 | D:5      | Reached skill level 9 in Earth Magic
  7669 | D:6      | Found an opulent altar of Gozag.
  7687 | D:6      | Found a sparkling altar of Nemelex Xobeh.
  7707 | D:6      | Found a hazy altar of Hepliaklqana.
  7892 | D:6      | Got a smoking war axe
  7897 | D:6      | Identified the +0 war axe "Xotuv" {vorpal, rF+ SInv} (You
                  | found it on level 6 of the Dungeon)
  7933 | D:6      | Found a staircase to the Ecumenical Temple.
  7955 | D:6      | Reached skill level 5 in Dodging
  7973 | Temple   | Entered the Ecumenical Temple
  8397 | D:6      | HP: 1/45 [wyvern skeleton (9)]
  9323 | D:7      | Found an ancient bone altar of Kikubaaqudgha.
  9323 | D:7      | Found a radiant altar of Vehumet.
  9323 | D:7      | Found a basalt altar of Yredelemnul.
  9438 | D:7      | Noticed a skeletal warrior
  9441 | D:7      | Noticed a troll
  9447 | D:7      | Found a transporter.
  9447 | D:7      | Noticed a two-headed ogre
  9537 | D:7      | Found a transporter.
  9712 | D:7      | Found a shimmering blue altar of Sif Muna.
 10027 | D:7      | Noticed Harold
 10035 | D:7      | Killed Harold
 10035 | D:7      | Reached XP level 9. HP: 33/52 MP: 0/21
 10766 | D:8      | Learned a level 5 spell: Lee's Rapid Deconstruction
 10793 | D:8      | Noticed a queen bee
 10801 | D:8      | Killed a queen bee
 10801 | D:8      | Reached skill level 10 in Earth Magic
 11121 | D:8      | Noticed Maggie
 11144 | D:8      | Killed Maggie
 11279 | D:8      | Reached XP level 10. HP: 56/58 MP: 18/24
 11377 | D:8      | Noticed KleinerIrrer's ghost (journeyman OgHu)
 11378 | D:8      | Found a transporter.
 11379 | D:8      | Noticed a centaur warrior
 11408 | D:8      | Found a transporter.
 11631 | D:8      | Identified the Reference Book on Excruciating Earth
 11746 | D:8      | Found an ornate altar of the Wu Jian Council.
 12612 | D:9      | Found Ywepoax's Book Boutique.
 12618 | D:9      | Learned a level 2 spell: Passwall
 12623 | D:9      | Learned a level 4 spell: Petrify
 13040 | D:10     | Entered Level 10 of the Dungeon
 13191 | D:7      | Became a worshipper of Sif Muna the Loreminder
 13335 | D:10     | Noticed Erolcha
 13339 | D:10     | Killed Erolcha
 13339 | D:10     | Reached skill level 5 in Fighting
 13339 | D:10     | Reached skill level 5 in Armour
 13339 | D:10     | Reached skill level 1 in Conjurations
 13997 | D:10     | Noticed a two-headed ogre
 14003 | D:10     | Killed a two-headed ogre
 14486 | D:11     | Killed an unseen horror
 14486 | D:11     | Reached XP level 11. HP: 57/64 MP: 15/26
 14489 | D:11     | Reached * piety under Sif Muna
 14614 | D:11     | Reached skill level 11 in Earth Magic
 14660 | D:11     | Noticed a two-headed ogre
 14670 | D:11     | Killed a two-headed ogre
 14978 | D:11     | Found a staircase to the Lair.
 15127 | D:11     | Reached skill level 10 in Spellcasting
 16127 | Lair:1   | Entered Level 1 of the Lair of Beasts
 16335 | Lair:1   | Reached ** piety under Sif Muna
 17540 | Lair:2   | Reached skill level 5 in Conjurations
 17741 | Lair:2   | You fall into a shaft and drop 2 floors!
 17831 | Lair:4   | Noticed a five-headed hydra
 17835 | Lair:4   | Killed a five-headed hydra
 17871 | Lair:3   | Found a staircase to the Snake Pit.
 17970 | Lair:3   | Found a frozen archway.
 17980 | Lair:3   | Reached XP level 12. HP: 71/71 MP: 2/28
 17999 | IceCv    | Entered an ice cave
 18166 | IceCv    | Reached skill level 10 in Dodging
 18290 | IceCv    | Reached *** piety under Sif Muna
 18398 | IceCv    | Noticed a death yak
 18402 | IceCv    | Noticed a death yak
 18404 | IceCv    | Killed a death yak
 18404 | IceCv    | Reached skill level 12 in Earth Magic
 18447 | IceCv    | Killed a death yak
 18830 | IceCv    | Reached skill level 5 in Stealth
 18940 | IceCv    | Noticed a death yak
 18940 | IceCv    | Noticed a frost giant
 18940 | IceCv    | Noticed a death yak
 18952 | IceCv    | Killed a death yak
 19074 | IceCv    | Killed a death yak
 19120 | IceCv    | Killed a frost giant
 19476 | Lair:3   | Identified the Handbook of the Voyage
 19493 | Lair:3   | Noticed Sonja
 19501 | Lair:3   | Killed Sonja
 19542 | Lair:3   | Found a runed translucent gate.
 19542 | Lair:3   | Found a runed translucent gate.
 19542 | Lair:3   | Noticed Acheron's ghost (journeyman TrHu)
 19686 | Lair:3   | Found a runed translucent gate.
 20100 | Lair:3   | Found a staircase to the Shoals.
 20122 | Lair:3   | Reached XP level 13. HP: 41/76 MP: 3/30
 20968 | Lair:2   | Reached **** piety under Sif Muna
 22452 | Lair:4   | Reached skill level 13 in Earth Magic
 24377 | Lair:5   | Found a viscous altar of Jiyva.
 24377 | Lair:5   | Found a staircase to the Slime Pits.
 24587 | Lair:5   | Reached skill level 1 in Shields
 24804 | Lair:6   | Entered Level 6 of the Lair of Beasts
 26228 | Lair:6   | Reached ***** piety under Sif Muna
 26580 | Lair:6   | Noticed a dire elephant
 26600 | Lair:6   | Killed a dire elephant
 26652 | Lair:6   | Identified Sif Muna's Reference Book on Harmful Stolen
                  | Souls (Sif Muna gifted it to you on level 6 of the Lair of
                  | Beasts)
 26652 | Lair:6   | Received a gift from Sif Muna
 26652 | Lair:6   | Reached XP level 14. HP: 45/83 MP: 0/32
 26932 | Lair:6   | Learned a level 6 spell: Iron Shot
 27173 | Lair:6   | Got an ancient copper ring
 27175 | Lair:6   | Identified the ring of Cecoocru {rElec rC+ MR+} (You found
                  | it on level 6 of the Lair of Beasts)
 27963 | D:12     | Found a staircase to the Orcish Mines.
 28711 | D:13     | Found the +7 pair of quick blades "Gyre" and "Gimble"
                  | {protect}
 28781 | D:13     | Reached skill level 14 in Earth Magic
 30440 | D:8      | Killed KleinerIrrer's ghost
 30440 | D:8      | Identified Sif Muna's Tome of Unstable Darkness (Sif Muna
                  | gifted it to you on level 8 of the Dungeon)
 30440 | D:8      | Received a gift from Sif Muna
 30683 | Orc:1    | Entered Level 1 of the Orcish Mines
 30685 | Orc:1    | Noticed Jorgrun
 30699 | Orc:1    | HP: 4/84 [Jorgrun/uncursed staff of earth (12)]
 31242 | D:14     | HP: 3/84 [orc knight/+0 battleaxe (25)]
 31242 | D:14     | HP: 1/84 [hound (2)]
 31352 | D:14     | Shot with a bolt by a yaktaur

Illustrated notes

Levels and vault maps discovered:
D:1:      minmay_arrival_checkered_box, layout_basic, st_stairs_8
D:2:      layout_basic, nicolae_overflow_crystal_walls, fedhas_altar_3,
          uniq_terence, uniq_jessica
D:3:      layout_loops_corners, old_standard_altar,
          nemelex_xobeh_ov_fountains_minmay, serial_glass, glass_columns_b,
          glass_columns_a, item_on_display_a, glass_columns_c
D:4:      layout_basic, first_ration, uniq_edmund
D:5:      layout_basic, uniq_blork_the_orc, uniq_pikel, uniq_eustachio
D:6:      layout_basic, lemuel_doored_altar,
          nicolae_gozag_cash_rules_everything_around_me, temple_statues,
          serial_curves, eino_curves_02, eino_curves_04, basic_altar,
          kennysheep_cross_room, grunt_tough_drop
D:7:      layout_loops_ring, lemuel_blue_sif_altar,
          gammafunk_temple_overflow_arena, uniq_harold
D:8:      layout_basic, marbit_many_paths, gammafunk_ghost_arena,
          david_nohive_1, uniq_maggie
D:9:      layout_stronghold, serial_shops, nicolae_shop_behind_doors
D:10:     layout_irregular_city, uniq_erolcha
D:11:     layout_irregular_city, lair_entry_dummy, minmay_checkerbox
D:12:     layout_roguey, zombieorc2_lemuel
D:13:     layout_roguey
D:14:     minmay_razor_zed, layout_basic, hangedman_vaults_entry_quadrant_bands,
          serial_shops, shop, kennysheep_nub, special_room
          [special_room_mythical_zoo], minmay_misc_feat_plants
Temple:   minmay_temple_forest_path
Lair:1:   layout_cave_pods, grunt_megastairs_5, lemuel_fruit_fields
Lair:2:   layout_long_grid, st_stairs_13, serial_bayou_pond_b,
          serial_bayou_shore_a, infiniplex_staircase_pool
Lair:3:   layout_layer_cave, minmay_shoals_entry_hut, dummy_snake_entry,
          gammafunk_ghost_split, portal_ice_cave_entry_ice_beasts, uniq_sonja
Lair:4:   layout_cave_shapes, infiniplex_staircase_pool_2, grunt_megastairs_1,
          serial_bayou_shore_b
Lair:5:   layout_misc_corridors, dpeg_slime_entry_enclosed_altar
Lair:6:   grunt_lair_end_beastmaster, layout_loops_ring, special_room
          [special_room_bee]
Orc:1:    layout_caves, uniq_jorgrun

Skill      XL: |  1  2  3  4  5  6  7  8  9 10 11 12 13 14 |
---------------+-------------------------------------------+-----
Earth Magic    | 4 5 6 7 8 9 10 11 12 13 14 | 14.6
Fighting       | 2 3 4 5 6 7 8 |  8.4
Armour         | 2 3 4 5 6 7 8 |  8.4
Dodging        | 4 6 7 8 9 10 11 12 | 12.1
Spellcasting   | 4 6 8 9 10 11 12 13 | 13.2
Conjurations   | 3 5 6 8 9 |  9.0
Stealth        | 3 6 |  6.6
Shields        | 2 3 |  3.6
Transmutations | |  1.1

Action                   |  1- 3 |  4- 6 |  7- 9 | 10-12 | 13-15 || total
-------------------------+-------+-------+-------+-------+-------++-------
Melee: Spear             |   146 |    65 |       |       |       ||   211
       Whip              |       |    10 |    60 |       |       ||    70
       War axe           |       |       |    42 |    55 |       ||    97
       Staff             |       |       |       |   177 |   315 ||   492
Throw: Throwing net      |       |       |     1 |       |       ||     1
 Cast: Sandblast         |     9 |    26 |    41 |   129 |    90 ||   295
       Stone Arrow       |       |    26 |    81 |   120 |   218 ||   445
       Lee's Rapid Decon |       |       |       |    82 |    48 ||   130
  Use: Scroll            |       |     4 |     3 |    12 |    10 ||    29
       Potion            |       |     2 |     2 |       |     7 ||    11
 Stab: Sleeping          |    10 |       |     4 |     4 |     7 ||    25
       Held in net/web   |       |       |     1 |       |       ||     1
  Eat: Chunk             |     4 |     8 |    14 |    33 |    17 ||    76
       Ration            |       |     2 |     1 |     3 |     7 ||    13
Armor: Robe              |    22 |    11 |       |       |       ||    33
       Leather armour    |       |     9 |    34 |    80 |   103 ||   226
       Skin              |       |       |       |       |     9 ||     9
Dodge: Dodged            |    94 |    47 |   121 |   405 |   333 ||  1000
Block: Kite shield       |       |       |       |       |   283 ||   283
       Reflection        |       |       |       |       |    11 ||    11
